 Dungeon Crawl Stone Soup version 0.28.0-53-g5a82cb258f (webtiles) character file.

Game seed: 2725319068382811797

178190 ChickenMitten the Slayer (level 17, -2/180 HPs)
             Began as a Minotaur Berserker on Aug 7, 2022.
             Was a High Priest of Trog.
             Asphyxiated
             ... on level 4 of the Snake Pit.
             The game lasted 01:17:46 (35261 turns).

ChickenMitten the Slayer (Minotaur Berserker)      Turns: 35261, Time: 01:17:47

Health: -2/180     AC: 41    Str: 31    XL:     17   Next: 56%
Magic:  16/16      EV: 10    Int:  6    God:    Trog [*****.]
Gold:   1629       SH:  5    Dex:  9    Spells: 16/16 levels left

rFire   + + .      SeeInvis .   u - +9 executioner's axe (flame)
rCold   + . .      Faith    .   (shield currently unavailable)
rNeg    . . .      Spirit   .   r - +14 plate armour of an ossuary {rF+ Slay+3}
rPois   .          Reflect  +   (helmet restricted)
rElec   .          Harm     .   H - scarf {repulsion}
rCorr   .          Rampage  .   Y - +2 pair of gloves
Will    +....                   f - +2 pair of boots
Stlth   ..........              d - amulet of reflection
HPRegen 0.40/turn               t - +4 ring of evasion
MPRegen 0.15/turn               L - ring of protection from cold

@: lethally poisoned (-2 -> -31), about to teleport, on berserk cooldown,
slowed, constricted, studying Long Blades, repel missiles, very slow
A: horns 2, retaliatory headbutt, clever 1, fire resistance 1
a: Renounce Religion, Berserk, Trog's Hand, Brothers in Arms


You were on level 4 of the Snake Pit.
You worshipped Trog.
Trog was extremely pleased with you.
You visited 4 branches of the dungeon, and saw 27 of its levels.
You also visited: Bailey and Ice Cave.

You collected 2783 gold pieces.
You spent 1154 gold pieces at shops.

Inventory:

Hand Weapons
 m - the +4 arbalest of the Crushed Portals {freeze, Str+7}
   (You found it on level 3 of the Lair of Beasts)

   Any ammunition fired from it freezes those it strikes, dealing additional
   cold damage.
   It can also slow down cold-blooded creatures.
   Str:       It affects your strength (+7).
 u - a +9 executioner's axe of flaming (weapon)
Missiles
 F - 144 bolts
 M - 13 curare-tipped darts (quivered)
 N - 9 datura-tipped darts
 O - 16 atropa-tipped darts
Armour
 f - a +2 pair of boots (worn)
 l - the +2 cloak "Dihukhish" {+Inv Dex+4}
   (You found it on level 14 of the Dungeon)

   Dex:       It affects your dexterity (+4).
   +Inv:      It lets you turn invisible.
 r - the +14 plate armour of an ossuary (worn) {rF+ Slay+3}
   (You took it off an orc on level 8 of the Dungeon)

   Slay:      It affects your accuracy & damage with ranged weapons and melee
   (+3).
   rF:        It protects you from fire.
 H - a scarf of repulsion (worn)
 Y - a +2 pair of gloves (worn)
Jewellery
 d - an amulet of reflection (around neck)
 j - a ring of resist corrosion
 k - a ring of flight
 t - a +4 ring of evasion (left hand)
 w - a ring of fire
 C - a ring of see invisible
 L - a ring of protection from cold (right hand)
 S - a ring of poison resistance
 X - a +6 ring of strength
Wands
 A - a wand of mindburst (7)
 D - a wand of iceblast (26)
 P - a wand of polymorph (12)
 R - a wand of digging (4)
 W - a wand of flame (5)
 Z - a wand of paralysis (13)
Scrolls
 a - a scroll of enchant weapon
 e - 13 scrolls of teleportation
 o - 5 scrolls of identify
 p - 2 scrolls of fog
 q - a scroll of holy word
 s - a scroll of magic mapping
 v - 2 scrolls of summoning
 x - 2 scrolls of blinking
 y - 3 scrolls of fear
 U - 2 scrolls of silence
 V - a scroll of brand weapon
Potions
 b - 3 potions of mutation
 c - 3 potions of haste
 h - a potion of invisibility
 z - 4 potions of might
 B - 5 potions of heal wounds
 E - 5 potions of flight
 G - a potion of magic
 I - 2 potions of cancellation
 J - 5 potions of curing
 Q - a potion of ambrosia
 T - a potion of resistance
Miscellaneous
 g - a phantom mirror
 i - a phial of floods
 n - a phantom mirror
 K - a phantom mirror


   Skills:
 * Level 23.4 Fighting
 * Level 20.6 Axes
 - Level 1.7 Throwing
 * Level 21.8 Armour
 - Level 2.1 Dodging
 + Level 1.2 Shields


You had 16 spell levels left.
You didn't know any spells.
Your spell library was empty.

Dungeon Overview and Level Annotations

Branches:
Dungeon (15/15)            Temple (0/1) D:5            Lair (6/6) D:11
 Shoals (0/4) Lair:3        Snake (4/4) Lair:4        Slime (0/5) Lair:6
    Orc (2/2) D:11            Elf (0/3) Orc:2        Vaults (0/5) D:13
 Depths (0/4) D:15         Bailey (visited)           IceCv (visited)

Altars:
Ashenzari
Cheibriados
Elyvilon
Fedhas
Gozag
Hepliaklqana
Okawaru
Sif Muna
Trog
Yredelemnul
Beogh
Lugonu

Shops:
D:1 [   D:3 =   D:4 *   D:13 ?   Orc:1 (   Orc:2 (*[[(   Snake:2 :=[*

Portals:
Abyss: Lair:6
Trove: D:12 (give 7 scrolls of blinking)

Annotations:
D:15 Roxanne
Orc:1 Erolcha


Innate Abilities, Weirdness & Mutations

You have a pair of horns on your head.
You reflexively headbutt those who attack you in melee.
Your mind is acute. (Int +2)
Your flesh is heat resistant. (rF+)


Message History

As you read the scroll of teleportation, it crumbles to dust.
You feel strangely unstable.
You feel sick.
The naga mage hits you but does no damage.
The naga warrior spits poison at you.
The splash of poison hits you but does no damage.
You are more poisoned.
You have difficulty breathing.
* * * LOW HITPOINT WARNING * * *
You feel as though you will be slow longer.
The naga warrior constricts you.
The nagaraja gestures at you while chanting.
You barely resist.
A salamander comes into view. It is wielding a +0 trident.
The naga mage barely misses you.
A naga sharpshooter comes into view. It is wielding a +0 short sword.
A naga warrior comes into view.
It is wielding a +0 flail and wearing a +1 tower shield of protection.
The naga sharpshooter spits poison at you.
The splash of poison hits you but does no damage.
You are lethally poisoned!
You have difficulty breathing.
* * * LOW HITPOINT WARNING * * *
You feel as though you will be slow longer.
The naga warrior hits you with a +0 scimitar!
* * * LOW HITPOINT WARNING * * *
The naga warrior constricts you.
The nagaraja hits you but does no damage.
You feel much better.
* * * LOW HITPOINT WARNING * * *
You feel extremely sick.
The naga sharpshooter no longer looks unusually strong.
The naga warrior no longer looks unusually strong.
The naga mage hits you but does no damage.
The nagaraja casts a spell at you.
The bolt of poison is repelled.
The naga barely misses you. You block the naga mage's attack.
The naga warrior spits poison at you. The splash of poison hits you.
You are more poisoned.
You have difficulty breathing.
You die...

#####
.######.#####...#
#.# #†..# #.#
#...#
#########.######.#
#...#
.............))).#
##...###
#########.#####)##
#......# #)##
#.###..# #))## #.#
#..# #N@N# ...
#### #.....)......
#...NN........
####
#.............#
...#
#..#...N.#....#
####
#........N....#
...# ##......NN#..
...# ##...⌠N..
...#


You could see 2 naga warriors, a nagaraja (fast, curare), 2 naga sharpshooters,
a salamander mystic, a salamander (strong), a naga mage (fast, curare) and a
naga.

Vanquished Creatures
  Vashnia (Snake:3)
  Jorgrun (Orc:2)
  3 nagarajas (Snake:4)
  A storm dragon (D:11)
  The ghost of seren the Protected, an adept VSFi of Wu Jian (Snake:3)
  2 quicksilver oozes (IceCv)
  Nessos (D:15)
  A stone giant (D:15)
  Azrael (D:15)
  Snorg (Orc:1)
  An ettin (Orc:1)
  Josephine (D:15)
  Fannar (D:10)
  6 boulder beetles
  The ghost of aimeelou the Basher, a journeyman PaFi of Hepliaklqana (D:10)
  9 naga warriors
  3 anacondas
  An ice dragon (Lair:6)
  A salamander tyrant (Snake:4)
  The ghost of Megalobster the Severer, a journeyman MiBe of Trog (D:11)
  14 hydras
  A catoblepas (Lair:6)
  Erica (D:10)
  5 centaur warriors
  14 death yaks
  4 tengu warriors
  15 two-headed ogres
  2 death knights
  5 naga sharpshooters (Snake:3)
  Urug (Orc:2)
  4 orc high priests (Orc:2)
  3 thrashing horrors (Lair:6)
  4 shock serpents
  2 salamander mystics (Snake:4)
  5 skeletal warriors (D:14)
  2 wizards
  An orange crystal statue (IceCv)
  Pikel (D:8)
  2 lindwurms
  4 naga ritualists
  A necromancer (Lair:2)
  2 deep elf pyromancers
  5 mana vipers
  5 orc knights
  2 oklob plants (Lair:2)
  A wolf spider (D:12)
  19 ugly things
  5 orc sorcerers
  10 salamanders
  5 manticores
  A salamander (shapeshifter) (D:12)
  9 cyclopes
  21 elephants
  2 merfolk sirens (Lair:3)
  Maurice (D:9)
  Joseph (D:9)
  An ice statue (Lair:6)
  9 naga magi
  2 smoke demons (Lair:6)
  17 black mambas
  2 guardian serpents
  12 cane toads
  An unseen horror (shapeshifter) (D:13)
  5 gargoyles
  11 komodo dragons
  An efreet (D:11)
  Maggie (D:7)
  A freezing wraith (D:14)
  A yaktaur (shapeshifter) (D:13)
  A kobold demonologist (D:9)
  3 rime drakes
  5 very ugly thing simulacra (IceCv)
  3 entropy weaver simulacra (IceCv)
  3 ancient zymes (Lair:6)
  2 merfolk (Lair:3)
  7 trolls
  A polar bear (Lair:6)
  30 blink frogs
  6 slime creatures
  2 large abominations (Lair:6)
  27 dream sheep
  A spriggan (Lair:6)
  Sigmund (D:3)
  4 vampires
  A ynoxinul (Lair:6)
  2 shadows
  A human (shapeshifter) (D:11)
  4 fire elementals (D:15)
  Eustachio (D:4)
  52 yaks
  3 wyverns
  9 wraiths
  A chaos spawn (Lair:6)
  A steam dragon (Lair:4)
  6 vampire mosquitoes
  7 basilisks
  Menkaure (D:4)
  21 nagas
  2 wargs
  Edmund (D:4)
  5 acid dragons
  2 demonic crawler simulacra (IceCv)
  3 hell hounds (D:15)
  15 water moccasins
  2 sky beasts
  A black bear (Lair:1)
  A hornet zombie (D:7)
  27 orc warriors
  An ugly thing simulacrum (IceCv)
  8 ice beasts (Lair:6)
  A necrophage (D:5)
  3 black bears (shapeshifter)
  6 ogres
  12 centaurs
  17 wolves
  12 small abominations (Lair:6)
  A centaur (shapeshifter) (Lair:6)
  A lemure (D:8)
  12 kobold brigands
  6 bullfrogs
  3 scorpions
  3 gnoll sergeants
  A wyvern skeleton (D:6)
  14 killer bees
  A water moccasin skeleton (D:6)
  12 electric eels
  4 howler monkeys
  2 centaur zombies
  5 jellies
  A bullfrog skeleton (D:6)
  A gnoll shaman (D:4)
  22 orc priests
  9 hounds
  Ijyb (D:3)
  3 iguanas
  20 orc wizards
  2 wolf simulacra (Lair:2)
  5 yak simulacra (Lair:2)
  2 polar bear simulacra (Lair:2)
  A howler monkey zombie (D:6)
  18 gnolls
  5 adders
  2 river rats (D:4)
  5 white imps
  3 ufetubi
  An adder skeleton (D:4)
  A worm (D:4)
  A dart slug (D:3)
  62 orcs
  6 bats
  6 endoplasms
  4 giant cockroaches
  6 goblins
  3 hobgoblins
  38 kobolds
  2 quokkas
  6 ball pythons
  A frilled lizard (D:1)
  4 rats
  2 river rat simulacra (Lair:2)
  A bush (Lair:4)
916 creatures vanquished.

Vanquished Creatures (collateral kills)
  A boulder beetle (Lair:5)
  2 elephants (Lair:5)
3 creatures vanquished.

Vanquished Creatures (others)
  An acid dragon (D:8)
  An orc wizard (Orc:1)
  5 bushes (D:14)
  39 fungi
  59 plants
  2 withered plants (D:10)
107 creatures vanquished.

Grand Total: 1026 creatures vanquished

Notes
Turn   | Place    | Note
-------+----------+-------------------------------------------
     0 | D:1      | ChickenMitten the Minotaur Berserker began the quest for
                  | the Orb.
     0 | D:1      | Reached XP level 1. HP: 19/19 MP: 0/0
   109 | D:1      | Found a faded altar of an unknown god.
   543 | D:1      | Reached skill level 4 in Fighting
   543 | D:1      | Reached XP level 2. HP: 27/27 MP: 1/1
   552 | D:1      | Found Hiat's Antique Armour Boutique.
  1248 | D:2      | Reached XP level 3. HP: 33/33 MP: 2/2
  1849 | D:3      | Reached XP level 4. HP: 41/41 MP: 3/3
  1850 | D:3      | Reached skill level 5 in Axes
  2261 | D:3      | Reached skill level 5 in Fighting
  2264 | D:3      | Reached XP level 5. HP: 48/48 MP: 4/4
  2382 | D:3      | Noticed Sigmund
  2390 | D:3      | Killed Sigmund
  2391 | D:3      | Reached XP level 6. HP: 57/57 MP: 5/5
  2465 | D:3      | Noticed Ijyb
  2477 | D:3      | Killed Ijyb
  2746 | D:3      | Found Fihizair's Jewellery Shoppe.
  3109 | D:4      | Noticed Edmund
  3118 | D:4      | Killed Edmund
  3119 | D:4      | Reached skill level 6 in Fighting
  3380 | D:4      | Reached ** piety under Trog
  3381 | D:4      | Reached XP level 7. HP: 63/63 MP: 6/6
  3641 | D:4      | Noticed Eustachio
  3666 | D:4      | Killed Eustachio
  3855 | D:4      | Found Vigri's General Store.
  3857 | D:4      | Noticed Menkaure
  3860 | D:4      | Killed Menkaure
  3896 | D:4      | Bought a scroll of identify for 24 gold pieces
  3896 | D:4      | Bought a scroll of identify for 24 gold pieces
  3991 | D:4      | Reached skill level 7 in Fighting
  4239 | D:4      | Reached XP level 8. HP: 65/73 MP: 7/7
  4343 | D:5      | Entered Level 5 of the Dungeon
  4562 | D:5      | Found a staircase to the Ecumenical Temple.
  4599 | D:5      | Identified the +1 hand axe of Tartarus {vorpal, Fly Str-4
                  | Dex+4}
  4947 | D:5      | Found a basalt altar of Yredelemnul.
  4948 | D:5      | Found an iron altar of Okawaru.
  4953 | D:5      | Found a white marble altar of Elyvilon.
  4954 | D:5      | Found a snail-covered altar of Cheibriados.
  4956 | D:5      | Found an opulent altar of Gozag.
  4956 | D:5      | Found a hazy altar of Hepliaklqana.
  4957 | D:5      | Found a broken altar of Ashenzari.
  4959 | D:5      | Found a shimmering blue altar of Sif Muna.
  4963 | D:5      | Found a blossoming altar of Fedhas.
  4974 | D:5      | Reached skill level 5 in Armour
  5599 | D:6      | Reached skill level 10 in Axes
  5798 | D:6      | Identified the +5 chain mail "Hachauto" {+Blink +Inv rElec}
  5952 | D:1      | Bought an embroidered scarf for 176 gold pieces
  6410 | D:7      | Found a flagged portal.
  6499 | Bailey   | Entered a bailey
  6610 | Bailey   | Found a burning altar of Makhleb.
  6615 | Bailey   | Reached skill level 8 in Fighting
  6616 | Bailey   | Reached XP level 9. HP: 67/81 MP: 8/8
  7078 | D:7      | Reached *** piety under Trog
  7306 | D:7      | Noticed Maggie
  7320 | D:7      | Killed Maggie
  8073 | D:8      | Reached skill level 9 in Fighting
  8096 | D:8      | Noticed Pikel
  8104 | D:8      | Killed Pikel
  8391 | D:8      | Noticed a centaur warrior
  8404 | D:8      | Killed a centaur warrior
  8405 | D:8      | Reached XP level 10. HP: 91/91 MP: 9/9
  8454 | D:8      | Identified the +14 plate armour of an ossuary {rF+ Slay+3}
  9227 | D:9      | Noticed Maurice
  9269 | D:9      | Reached skill level 10 in Fighting
  9280 | D:9      | Reached **** piety under Trog
  9401 | D:9      | Noticed Joseph
  9410 | D:9      | Killed Joseph
  9411 | D:9      | Reached skill level 10 in Armour
  9418 | D:9      | Noticed an orange demon
  9629 | D:9      | Reached XP level 11. HP: 101/101 MP: 10/10
  9711 | D:9      | Killed Maurice
  9712 | D:9      | Reached skill level 11 in Fighting
 10018 | D:10     | Entered Level 10 of the Dungeon
 10027 | D:10     | Noticed Erica
 10038 | D:10     | Killed Erica
 10425 | D:10     | Noticed a two-headed ogre
 10432 | D:10     | Killed a two-headed ogre
 10572 | D:10     | Noticed a two-headed ogre
 10581 | D:10     | Killed a two-headed ogre
 10677 | D:10     | Noticed Fannar
 10683 | D:10     | Killed Fannar
 10684 | D:10     | Reached skill level 12 in Fighting
 10810 | D:10     | Found a runed translucent door.
 10811 | D:10     | Noticed aimeelou's ghost (journeyman PaFi)
 10898 | D:11     | Noticed a two-headed ogre
 10906 | D:11     | Killed a two-headed ogre
 10907 | D:11     | Found a staircase to the Lair.
 11744 | D:11     | Found a staircase to the Orcish Mines.
 11783 | D:11     | Reached skill level 13 in Fighting
 11970 | D:11     | Noticed a two-headed ogre
 11970 | D:11     | Noticed Megalobster's ghost (journeyman MiBe)
 11972 | D:11     | Found a runed translucent gate.
 11973 | D:11     | Found a runed translucent gate.
 11973 | D:11     | Found a runed translucent gate.
 11973 | D:11     | Noticed a storm dragon
 12114 | D:11     | Noticed a two-headed ogre
 12121 | D:11     | Killed a two-headed ogre
 12345 | Lair:1   | Entered Level 1 of the Lair of Beasts
 12507 | Lair:1   | Reached XP level 12. HP: 97/115 MP: 11/11
 12510 | Lair:1   | Reached ***** piety under Trog
 12674 | Lair:1   | Noticed a seven-headed hydra
 12688 | Lair:1   | Killed a 15-headed hydra
 13044 | Lair:1   | Identified the +4 ring mail of the Blessed Realm {Harm
                  | rCorr}
 13065 | Lair:1   | Noticed a five-headed hydra
 13077 | Lair:1   | Killed a one-headed hydra
 13758 | Lair:2   | Reached skill level 14 in Fighting
 14443 | Lair:2   | Noticed a five-headed hydra
 14450 | Lair:2   | Killed a one-headed hydra
 14535 | Lair:2   | Reached skill level 1 in Throwing
 14829 | Lair:2   | Reached skill level 15 in Armour
 15419 | Lair:3   | Reached skill level 15 in Fighting
 15419 | Lair:3   | Found a staircase to the Shoals.
 15876 | Lair:3   | Noticed a five-headed hydra
 15886 | Lair:3   | Killed a one-headed hydra
 15922 | Lair:3   | Identified the +4 arbalest of the Crushed Portals {freeze,
                  | Str+7}
 16715 | Lair:4   | Noticed a death yak
 16715 | Lair:4   | Noticed a death yak
 16716 | Lair:4   | Noticed an eight-headed hydra
 16716 | Lair:4   | Noticed a death yak
 16724 | Lair:4   | Noticed a death yak
 16734 | Lair:3   | Killed a death yak
 16736 | Lair:4   | Noticed a death yak
 16737 | Lair:4   | Noticed a death yak
 16740 | Lair:4   | Killed a six-headed hydra
 16743 | Lair:4   | Killed a death yak
 16744 | Lair:4   | Reached XP level 13. HP: 127/127 MP: 12/12
 17001 | Lair:4   | Found a staircase to the Snake Pit.
 17084 | Lair:4   | Reached skill level 16 in Fighting
 17457 | Lair:4   | Received a gift from Trog
 17748 | Lair:5   | Reached skill level 17 in Fighting
 18026 | Lair:5   | Reached XP level 14. HP: 140/140 MP: 13/13
 18167 | Lair:5   | Found a bloodstained altar of Trog.
 18563 | Lair:5   | Reached skill level 18 in Fighting
 19122 | Lair:6   | Entered Level 6 of the Lair of Beasts
 19516 | Lair:6   | Reached skill level 19 in Fighting
 19633 | Lair:6   | Found a staircase to the Slime Pits.
 19794 | Lair:6   | Received a gift from Trog
 20311 | Lair:6   | Reached skill level 20 in Fighting
 20364 | Lair:6   | Reached XP level 15. HP: 148/155 MP: 14/14
 20371 | Lair:6   | Identified the +1 dire flail of the Freezing Goat {flame,
                  | Int+3 Dex+3}
 20897 | Lair:6   | Found a corrupted altar of Lugonu.
 20897 | Lair:6   | Found a one-way gate to the infinite horrors of the Abyss.
 21205 | Lair:6   | Identified the +9 war axe "Gutokeg" {freeze, rC+}
 21555 | D:10     | Killed aimeelou's ghost
 21698 | D:11     | Killed Megalobster's ghost
 21699 | D:11     | Killed a storm dragon
 21705 | D:11     | Received a gift from Trog
 21855 | D:11     | Gained mutation: Your flesh is cold resistant. (rC+)
                  | [potion of mutation]
 21855 | D:11     | Gained mutation: You are agile. (Dex +2) [potion of
                  | mutation]
 21855 | D:11     | Gained mutation: Your spells are a little harder to cast,
                  | but a little more powerful. [potion of mutation]
 21856 | D:11     | Lost mutation: You are agile. (Dex +2) [potion of mutation]
 21856 | D:11     | Lost mutation: Your flesh is cold resistant. (rC+) [potion
                  | of mutation]
 21856 | D:11     | Gained mutation: You have an increased reservoir of magic.
                  | (+10% MP) [potion of mutation]
 21856 | D:11     | Gained mutation: You have a pair of large horns on your
                  | head. [potion of mutation]
 21857 | D:11     | Lost mutation: You have an increased reservoir of magic.
                  | (+10% MP) [potion of mutation]
 21857 | D:11     | Lost mutation: Your spells are a little harder to cast, but
                  | a little more powerful. [potion of mutation]
 21857 | D:11     | Lost mutation: You have a pair of large horns on your head.
                  | [potion of mutation]
 21857 | D:11     | Gained mutation: Your mind is acute. (Int +2) [potion of
                  | mutation]
 21857 | D:11     | Gained mutation: Your flesh is heat resistant. (rF+)
                  | [potion of mutation]
 22099 | Orc:1    | Entered Level 1 of the Orcish Mines
 22362 | Orc:2    | Entered Level 2 of the Orcish Mines
 22363 | Orc:2    | Noticed Urug
 22375 | Orc:2    | Killed Urug
 22506 | Orc:2    | Found a staircase to the Elven Halls.
 22688 | Orc:2    | Found a bloodstained altar of Trog.
 22779 | Orc:2    | Reached skill level 21 in Fighting
 22838 | Orc:2    | Noticed Jorgrun
 22861 | Orc:2    | Killed Jorgrun
 23102 | Orc:2    | Found Ilein's Antique Weapon Shop.
 23304 | Orc:2    | Found Tamel's Armour Emporium.
 23342 | Orc:2    | Received a gift from Trog
 23677 | Orc:1    | Noticed Snorg
 23677 | Orc:1    | Found Biwadd's Antique Weapon Emporium.
 23682 | Orc:1    | Killed Snorg
 23794 | Orc:1    | Noticed Erolcha
 24775 | Orc:2    | Found Bugrimi's Antique Armour Emporium.
 24821 | Orc:2    | Found Erphabb's General Store.
 24833 | Orc:2    | Found Lulam's Weapon Shop.
 25053 | D:12     | Reached skill level 15 in Axes
 25413 | D:12     | Found a portal to a secret trove of treasure.
 25772 | D:12     | Reached skill level 22 in Fighting
 26045 | D:12     | Reached XP level 16. HP: 169/169 MP: 15/15
 26201 | D:13     | Reached ****** piety under Trog
 26332 | D:13     | Found a gate to the Vaults.
 26708 | D:13     | Found Waitoaf's Magic Scroll Emporium.
 26717 | D:13     | Bought a scroll of identify for 38 gold pieces
 26719 | D:13     | Bought a scroll of enchant armour for 142 gold pieces
 26719 | D:13     | Bought a scroll of blinking for 142 gold pieces
 26971 | D:14     | Identified the +5 battleaxe "Peli" {flame, rC+ rN+} (Trog
                  | gifted it to you on level 14 of the Dungeon)
 26971 | D:14     | Received a gift from Trog
 27181 | D:14     | Identified the +2 cloak "Dihukhish" {+Inv Dex+4}
 27423 | D:14     | You fall into a shaft and drop 1 floor!
 27423 | D:15     | Entered Level 15 of the Dungeon
 28561 | D:15     | Noticed Azrael
 28566 | D:15     | Killed Azrael
 28717 | D:15     | Noticed Josephine
 28725 | D:15     | Killed Josephine
 28842 | D:15     | Identified Roxanne's Catalogue of Changing
 28842 | D:15     | Noticed Roxanne
 29303 | D:15     | Noticed Nessos
 29965 | D:15     | Found a staircase to the Depths.
 30412 | D:15     | Killed Nessos
 30688 | Snake:1  | Entered Level 1 of the Snake Pit
 32231 | Snake:2  | Identified the +6 battleaxe "Deempyt" {vorpal, Contam rN+
                  | Will+} (Trog gifted it to you on level 2 of the Snake Pit)
 32231 | Snake:2  | Received a gift from Trog
 32427 | Snake:2  | Found Okoloq's Assorted Antiques.
 32518 | Snake:2  | Bought a scroll of identify for 68 gold pieces
 32525 | Snake:2  | Found Axzil's Jewellery Shop.
 32533 | Snake:2  | Found Lumorepnui's Book Boutique.
 32559 | Snake:2  | Bought an amulet of reflection for 540 gold pieces
 32573 | Snake:2  | Found Teschenwa's Antique Armour Emporium.
 32727 | Snake:2  | Identified the +8 scale mail of Gravitas {rN+ Will- Str+4
                  | Slay+2}
 32902 | Snake:3  | Found a runed translucent door.
 32922 | Snake:3  | Reached XP level 17. HP: 174/178 MP: 16/16
 32949 | Snake:3  | Found a frozen archway.
 32953 | IceCv    | Entered an ice cave
 33409 | IceCv    | Reached skill level 23 in Fighting
 33959 | Snake:3  | Noticed Vashnia
 33966 | Snake:3  | Killed Vashnia
 34642 | Snake:3  | Noticed seren's ghost (adept VSFi)
 34654 | Snake:3  | Killed seren's ghost
 34687 | Snake:4  | Entered Level 4 of the Snake Pit
 34741 | Snake:4  | Received a gift from Trog
 34892 | Snake:4  | Reached skill level 1 in Shields
 35254 | Snake:4  | HP: 8/270 [naga warrior/+0 scimitar (18)]
 35256 | Snake:4  | HP: 1/180 [naga warrior/+0 scimitar (16)]
 35261 | Snake:4  | HP: 6/180 [poisoned by naga sharpshooter (concentrated
                  | venom)]
 35261 | Snake:4  | Asphyxiated

Illustrated notes

Levels and vault maps discovered:
D:1:      dpeg_arrival_simpleton_c, layout_basic, serial_shops, shop_fountains,
          hellmonk_ecumenical_altar_inner_sanctum
D:2:      layout_basic, minivault_25
D:3:      layout_loops_corners, serial_shops,
          nicolae_shop_competitors_out_of_business, uniq_sigmund, uniq_ijyb
D:4:      layout_basic, portal_sewer_entry_e, serial_shops, shop,
          enter_ossuary_1, uniq_edmund, uniq_eustachio, uniq_menkaure
D:5:      layout_loops_ring, nicolae_overflow_hallway_of_the_gods,
          minmay_temple_entry_drinking_statues, chequers_serial_rivers_micro_d,
          roderic_nine_men_s_morris, due_unseen_surprise
D:6:      layout_gridville, kennysheep_donut
D:7:      layout_cave_pods, enter_bailey_3, hangedman_decor_slide_cut,
          uniq_maggie
D:8:      kennysheep_big_flooded_room, layout_basic, kennysheep_generic_room_4,
          uniq_pikel
D:9:      layout_cave_pools, uniq_joseph, uniq_maurice
D:10:     layout_cave_pods, gammafunk_ghost_grave, nzn_life_drinkers,
          uniq_fannar, uniq_erica
D:11:     layout_basic, erik_lair_island, orc_0_dummy, gammafunk_ghost_split,
          gauntlet_entry_generic
D:12:     minmay_the_grid_octo_tiled_octocenter [minmay_the_grid_octo_pinwheel,
          minmay_the_grid_octo_checkered, minmay_the_grid_octo_odd_swirl,
          minmay_the_grid_octo_empty, minmay_the_grid_octo_prize_big_c,
          minmay_the_grid_square_5x5_eight,
          minmay_the_grid_square_5x5_spiral_small,
          minmay_the_grid_square_5x5_half_checkered,
          minmay_the_grid_square_5x5_broken_cross], layout_gridville,
          nicolae_trove_entry_diagonal
D:13:     minmay_wavy_crystal, layout_irregular_city, david_vaults_1,
          serial_shops, nicolae_stop_n_shop_2
D:14:     layout_roguey, serial_park_square1 [serial_park_minivault_5x5_5]
D:15:     grunt_enter_depths_snipers, layout_layer_cave,
          hangedman_decor_peaks_small, minivault_16, uniq_nessos, uniq_azrael,
          uniq_josephine, uniq_roxanne
Lair:1:   layout_cave_pods, nicolae_quartered_pool_medium, minivault_24,
          grunt_megastairs_1, serial_bayou_shore_a
Lair:2:   minmay_lair_oklob_chamber, layout_loops_ring, eino_house_with_fridge
Lair:3:   layout_loops_ring, elwin_shoals_entry_stream, grunt_megastairs_3,
          serial_bayou_shore_b, lemuel_fruit_fields
Lair:4:   layout_roguey, guppyfry_snake_entry_garden, beast_lair_carwin_2,
          grunt_megastairs_4, serial_bayou_shore_b
Lair:5:   hellmonk_warped_wall, layout_regular_city, basic_altar,
          lemuel_fruit_fields
Lair:6:   hellmonk_lair_end_abyssal_woods, layout_small_grid,
          nicolae_slime_entry_slimehenge, ice2_lemuel
Snake:1:  layout_grid_maze
Snake:2:  layout_grid_shapes, serial_shops, shop_statue,
          nicolae_shop_temple_entry_statues_fountains, shop,
          nicolae_shop_waterfront
Snake:3:  layout_gridlike, portal_ice_cave_entry_pillars_three,
          ebering_ghost_reflecting_pool, uniq_vashnia
Snake:4:  snake_pit, layout_gridlike, nicolae_snake_guarding_the_ruins
Orc:1:    layout_caves, serial_shops, nicolae_shop_stone, basic_altar,
          kennysheep_orc_sif_temple, uniq_snorg, uniq_erolcha
Orc:2:    st_orc_elflike, layout_caves, serial_shops,
          nicolae_shop_window_shopping, basic_altar, lemuel_statue_altar,
          rock_pile, uniq_jorgrun, uniq_urug

Skill      XL: |  1  2  3  4  5  6  7  8  9 10 11 12 13 14 15 16 17 |
---------------+----------------------------------------------------+-----
Fighting       | 4 5 6 7 8 9 10 13 15 17 20 22 23 | 23.4
Axes           | 4 5 6 7 9 11 12 14 15 19 20 | 20.6
Armour         | 3 4 6 8 10 13 16 18 19 21 | 21.8
Throwing       | 1 |  1.7
Shields        | 1 |  1.2
Dodging        | |  2.1

Action                   |  1- 3 |  4- 6 |  7- 9 | 10-12 | 13-15 | 16-18 || total
-------------------------+-------+-------+-------+-------+-------+-------++-------
Melee: Hand axe          |    48 |    59 |   242 |   558 |   702 |       ||  1609
       Headbutt          |     9 |     8 |    37 |   122 |   271 |   104 ||   551
       Punch             |       |     1 |     2 |    11 |    14 |       ||    28
       Unarmed           |       |       |     2 |       |       |       ||     2
       Executioner's axe |       |       |       |       |   307 |   415 ||   722
 Fire: Arbalest          |       |       |       |       |       |     2 ||     2
Throw: Dart              |       |       |       |     4 |     1 |       ||     5
Invok: Berserk           |     1 |     5 |    11 |    15 |    18 |    11 ||    61
       Trog's Hand       |       |       |       |       |     1 |     1 ||     2
       Brothers in Arms  |       |       |       |       |     1 |       ||     1
  Use: Scroll            |       |       |     9 |     7 |    17 |    14 ||    47
       Potion            |       |       |       |     1 |     4 |     6 ||    11
 Stab: Distracted        |       |     1 |       |       |       |       ||     1
       Petrified         |       |       |       |       |    13 |       ||    13
       Petrifying        |       |       |       |       |     1 |       ||     1
Armor: Animal skin       |     8 |     4 |       |       |       |       ||    12
       Chain mail        |       |     2 |    84 |   115 |       |       ||   201
       Plate armour      |       |       |       |    57 |   597 |   278 ||   932
Dodge: Dodged            |    28 |    35 |    88 |   253 |   628 |   333 ||  1365
       Repelled          |       |       |     1 |     5 |     9 |    18 ||    33
Block: Other             |       |       |       |       |       |    35 ||    35
       Reflection        |       |       |       |       |       |     6 ||     6
